Unix NetHack Version 5.0.0-0 post-release - last build May  4 2026 22:22:43 (774f63e81ad911689b3a0859ea89b322d5daca8d,branch:main).

Game began 2026-05-08 11:57:25, ended 2026-05-08 12:38:21.

1112463359, chaotic female orcish Barbarian

                                                     ------      -----
                                   --------          |....|      |...|
                                   |......|          |@...|      |...|
                                   |..>...-#         |....|   ###....|
                                   |......|#         |.....####  |.%.|
                              ##)##[......|#         ----G-      |...|
                              #    |....!.|#            ##       |...|
                             ##    ----.---#            #        -----
                             #         ### #           ##
                            ##           ###        ---?--
                          ###           #####       |....|
                          #             #---.---   #.....|
           ---------------#             #|.?.%.|#[##|....|
           |.....<.......|#             #|.....%#   |.._.|
           |.............-#             #......|    ------
           |.......%.....|               -------
           |.............|
           --------|------
                   #
1112463359 the Pillager    St:18/01 Dx:16 Co:18 In:8 Wi:9 Ch:6  Chaotic
Dlvl:4  $:59 HP:0(46) Pw:12(12) AC:8  Xp:5 T:4591 

Latest messages:
 The rothe bites!
 The rothe bites again!
 You kill the rothe!
 Welcome to experience level 5.
 There is an open door here.
 You see here a rothe corpse.
 The rothe hits!
 The rothe bites!
 The rothe bites again!
 The rothe hits!
 The rothe bites!
 The rothe misses!
 In what direction? 6
 The shuriken hits the rothe!
 The rothe hits!
 The rothe bites!
 The rothe bites again!
 In what direction? 6
 You kill the rothe!
 You see here a scroll labeled GHOTI.
 You see here a scroll labeled GHOTI.
 The gnome lady wields a dagger!
 You are beginning to feel hungry.
 The flask crashes on your head and breaks into shards.
 The bubbly potion evaporates.
 You feel rather tired.
 You can move again.
 The gnome lady throws a dagger!
 You are hit by a dagger.
 You hear the howling of the CwnAnnwn...
 You hear someone cursing shoplifters.
 The gnome lady picks up a shuriken.
 There is an open door here.
 You see here a rothe corpse.
 You see here a ring mail.
 The gnome lady picks up a dagger.
 You swap places with the peaceful hill orc.
 There is an open door here.
 You see here a scroll labeled STRC PRST SKRZ KRK.
 The gnome lady wields a dagger!
 What do you want to eat? [q or ?*] q
 This lichen corpse tastes okay.
 The gnome lady throws a shuriken!
 You are hit by a shuriken!
 You die...
 Do you want your possessions identified? [ynq] (y) y
 Do you want to see your attributes? [ynq] (y) y
 Do you want an account of creatures vanquished? [ynaq] (y) n
 Do you want to see your conduct and achievements? [ynq] (y) n
 Do you want to see the dungeon overview? [ynq] (y) n

Inventory:
 Coins    ('$')
  $ - 59 gold pieces
 Weapons  (')')
  g - 10 rusty +0 arrows
  t - a cursed +0 sling
  y - a +0 shuriken (alternate weapon; not wielded)
  A - 4 +0 shuriken (at the ready)
  a - a +0 battle-axe (weapon in hands)
  b - a +0 orcish short sword
 Armor    ('[')
  c - an uncursed +0 orcish ring mail (being worn)
 Comestibles  ('%')
  q - an uncursed partly eaten lichen corpse
 Potions  ('!')
  j - a blessed potion of booze
  n - an uncursed potion of booze
 Wands    ('/')
  v - a wand of lightning (0:5)
 Tools    ('(')
  i - a cursed tallow candle
 Gems/Stones  ('*')
  p - an uncursed worthless piece of red glass
  u - 3 uncursed flint stones

1112463359 the Barbarian's attributes:

Background:
 You were a Pillager, a level 5 female orcish Barbarian.
 You were chaotic, nominally on a mission for Set
 who was opposed by Mitra (lawful) and Crom (neutral).
 You were right-handed.
 You were in the Dungeons of Doom, on level 4.
 You entered the dungeon 4591 turns ago.
 You had 166 experience points, 154 more were needed to attain level 6.

Basics:
 You had 0 out of 46 hit points.
 You had all 12 energy points (spell power).
 Your armor class was 8.
 Your wallet contained 59 zorkmids.
 Autopickup was off.

Final Characteristics:
 Your strength was 18/01 (limit:18/50).
 Your dexterity was 16 (limit:18).
 Your constitution was 18 (limit:18).
 Your intelligence was 8 (limit:16).
 Your wisdom was 9 (limit:16).
 Your charisma was 6 (limit:16).

Final Status:
 You weren't hungry.
 You were unencumbered.
 You were wielding an axe.
 You had basic skill with axe.

Final Attributes:
 You were piously aligned.
 You were poison resistant.
 You had infravision.
 You were warded.
 You are dead.

Miscellaneous:
 You didn't encounter any bones levels.
 Total elapsed playing time was 40 minutes and 54 seconds.

Major events:
 Turn
    1: 1112463359 the chaotic female orcish Barbarian entered the dungeon
 2665: attained the rank of Pillager (level 3)
 4591: killed by a shuriken

You didn't know any spells.

Skills:
 Fighting Skills
   bare handed combat [Basic]
   two weapon combat  [Unskilled]
   riding             [Unskilled]
 Weapon Skills
   dagger             [Unskilled]
   axe                [Basic]
   pick-axe           [Unskilled]
   short sword        [Basic]
   broadsword         [Unskilled]
   long sword         [Unskilled]
   two-handed sword   [Unskilled]
   saber              [Unskilled]
   club               [Unskilled]
   mace               [Unskilled]
   morning star       [Unskilled]
   flail              [Unskilled]
   hammer             [Unskilled]
   quarterstaff       [Unskilled]
   spear              [Unskilled]
   trident            [Unskilled]
   bow                [Unskilled]
 Spellcasting Skills
   attack spells      [Unskilled]
   escape spells      [Unskilled]

Voluntary challenges:
 Character rerolling was not enabled.
 You were vegetarian.
 You were an atheist.
 You were illiterate.
 You never genocided any monsters.
 You never polymorphed an object.
 You never changed form.
 You used no wishes.
Achievements:
 You entered a shop.
 You attained the rank of Pillager.

 The Dungeons of Doom: levels 1 to 4
    Level 1:
    Level 2:
       A scroll shop.
    Level 3:
       A scroll shop.
    Level 4: <- You were here.
       An altar.
       Final resting place for
          you, killed by a shuriken.


Vanquished creatures:
 an elf zombie
  a kitten
  a dwarf
  a hill orc
  3 rothes
  a monkey
 an orc zombie
  a wererat
  4 iguanas
  3 coyotes
  a hobbit
  a large kobold
  4 giant rats
  3 yellow molds
  a red mold
  a gnome zombie
  3 geckos
 14 jackals
  2 foxes
  a kobold
  2 goblins
  2 sewer rats
  3 grid bugs
  2 lichens
  3 kobold zombies
 13 newts
73 creatures vanquished.

No species were genocided or became extinct.

Game over:
                       ----------
                      /          \
                     /    REST    \
                    /      IN      \
                   /     PEACE      \
                  /                  \
                  |    1112463359    |
                  |      59 Au       |
                  |   killed by a    |
                  |     shuriken     |
                  |                  |
                  |                  |
                  |       2026       |
                 *|     *  *  *      | *
        _________)/\\_//(\/(/\)/\//\/|_)_______

Goodbye 1112463359 the Barbarian...

You died in The Dungeons of Doom on dungeon level 4 with 868 points,
and 59 pieces of gold, after 4591 moves.
You were level 5 with a maximum of 46 hit points when you died.

